 Dungeon Crawl Stone Soup version 0.24.1-14-gf8d2b509d9 (console) character file.

Game seed: 2937086727933370804, levelgen mode: deterministic

84 Kagalorn the Skirmisher (level 4, 0/40 HPs)
             Began as a Minotaur Wanderer on Jan 12, 2022.
             Slain by an orc
             ... wielding a +3 flail
              (10 damage)
             ... on level 2 of the Dungeon.
             The game lasted 00:04:51 (1632 turns).

Kagalorn the Skirmisher (Minotaur Wanderer)         Turns: 1632, Time: 00:04:52

Health: 0/40       AC:  2    Str: 19    XL:     4   Next: 24%
Magic:  3/3        EV:  8    Int:  8    God:
Gold:   40         SH:  0    Dex:  9    Spells: 3/3 levels left

rFire    . . .     SeeInvis .   (no weapon)
rCold    . . .     Gourm    .   b - +0 shield
rNeg     . . .     Faith    .   d - +0 robe
rPois    .         Spirit   .   (helmet restricted)
rElec    .         Reflect  .   (no cloak)
rCorr    .         Harm     .   (no gloves)
MR       .....                  (no boots)
Stlth    +.........             h - amulet of regeneration
HPRegen  0.53/turn              (no ring)
MPRegen  0.08/turn              (no ring)

@: confused
A: retaliatory headbutt, horns 2
a: no special abilities


You were on level 2 of the Dungeon.
You were hungry.

You visited 1 branch of the dungeon, and saw 3 of its levels.

You collected 40 gold pieces.

Inventory:

Armour
 b - a +0 shield (worn)
 d - a +0 robe (worn)
Jewellery
 h - an amulet of regeneration (around neck)
Scrolls
 c - 2 scrolls of teleportation
 g - 3 scrolls of identify {unknown}
 i - a scroll of remove curse {unknown}
 j - a scroll of fear {unknown}
Potions
 a - a potion of brilliance {unknown}
 e - 2 potions of flight {unknown}
Comestibles
 f - 3 rations


   Skills:
 + Level 3.7 Fighting
   Level 3.2 Short Blades
   Level 2.4 Maces & Flails
 - Level 1.0 Throwing
 + Level 2.5 Armour
 - Level 1.0 Stealth
 + Level 2.9 Shields


You had 3 spell levels left.
You didn't know any spells.
Your spell library was empty.

Dungeon Overview and Level Annotations

Branches:
Dungeon (3/15)

Altars:


Innate Abilities, Weirdness & Mutations

You reflexively headbutt those who attack you in melee.
You have a pair of horns on your head.


Message History

The orc wizard casts a spell at you.
You are confused.
You closely miss the orc wizard.
The orc wizard is almost dead.
The orc hits you but does no damage.
The orc wizard hits you with a +0 dagger.
You hit the orc wizard but do no damage.
Your headbutt misses the orc wizard.
The orc wizard is almost dead.
The orc closely misses you.
The orc wizard hits you but does no damage.
You bump into the rock wall.
The orc barely misses you.
The orc wizard gestures at you while chanting.
The magic dart hits you!
You barely miss the orc wizard.
The orc wizard is almost dead.
The orc wizard hits you with a +0 dagger.
* * * LOW HITPOINT WARNING * * *
The orc hits you with a +3 flail!
You die...

############
#........@o#
#........o.#
#..........#
#..........#
#..........#
#..........#
#..........#
#..........#
######
#..........#


You could see an orc wizard and an orc.

Vanquished Creatures
  3 adders (D:2)
  2 oozes (D:2)
  2 worms (D:2)
  A leopard gecko (D:2)
  5 bats
  4 giant cockroaches
  5 goblins
  7 hobgoblins
  A quokka (D:2)
  2 ball pythons (D:2)
  6 frilled lizards
  3 kobolds
41 creatures vanquished.

Notes
Turn   | Place    | Note
-------+----------+-------------------------------------------
     0 | D:1      | Kagalorn the Minotaur Wanderer began the quest for the Orb.
     0 | D:1      | Kagalorn set off with the following items: a +0 short
                  | sword, a +0 shield, a scroll of teleportation, a +0 robe, a
                  | ration
     0 | D:1      | Reached XP level 1. HP: 18/18 MP: 0/0
   362 | D:1      | Reached skill level 1 in Armour
   362 | D:1      | Reached XP level 2. HP: 25/25 MP: 1/1
  1110 | D:2      | Reached XP level 3. HP: 30/31 MP: 2/2
  1381 | D:2      | Reached XP level 4. HP: 8/39 MP: 3/3
  1632 | D:2      | Slain by an orc

Levels and vault maps discovered:
D:1:      dpeg_arrival_pond, layout_rooms
D:2:      layout_rooms, kennysheep_generic_room_11
D:3:      layout_rooms, old_standard_altar, first_ration

Skill      XL: |  1  2  3 |
---------------+----------+-----
Armour         | 1 2 |  2.5
Shields        | 2 |  2.9
Fighting       | 3 |  3.7
Short Blades   | |  3.2
Maces & Flails | |  2.4
Throwing       | |  1.0
Stealth        | |  1.0

Action                   |  1- 3 |  4- 6 || total
-------------------------+-------+-------++-------
Melee: Unarmed           |   143 |    28 ||   171
       Headbutt          |    27 |     6 ||    33
 Stab: Sleeping          |     1 |       ||     1
  Eat: Chunk             |     1 |     1 ||     2
Armor: Robe              |    24 |     3 ||    27
Dodge: Dodged            |    43 |     6 ||    49
Block: Shield            |    59 |    17 ||    76
